 Dungeon Crawl Stone Soup version 0.31-a0-175-g9f7f995f2b (webtiles) character file.

Game seed: 466344025490818387

16623 Maxmaps the Marksant (level 12, -1/78 HPs)
             Began as a Formicid Hunter on June 17, 2023.
             Was a Follower of the Shining One.
             Slain by a killer bee (2 damage)
             ... on level 11 of the Dungeon.
             The game lasted 00:16:00 (11109 turns).

Maxmaps the Marksant (Formicid Hunter)             Turns: 11109, Time: 00:16:01

Health: -1/78      AC:  8    Str: 17    XL:     12   Next: 72%
Magic:  12/12      EV: 12    Int:  5    God:    the Shining One [*.....]
Gold:   434        SH: 16    Dex: 32    Spells: 11/11 levels left

rFire   + . .        u - +4 hand crossbow "Datir" {freeze, rPois Int-4 Dex+5 Stlth+}
rCold   . . .        i - +1 kite shield
rNeg    . . .        P - +0 acid dragon scales
rPois   +            (helmet unavailable)
rElec   .            (no cloak)
rCorr   +            (no gloves)
SInv    +            q - +0 pair of boots
Will    +....        (no amulet)
Stlth   ++           l - +6 ring of dexterity
HPRegen 0.33/turn    y - ring of protection from fire
MPRegen 0.13/turn

%: no passive effects
@: glowing
A: permanent stasis, dig shafts and tunnels, antennae 3, four strong arms
a: Dig, Shaft Self, Renounce Religion, Divine Shield


You were on level 11 of the Dungeon.
You worshipped the Shining One.
The Shining One was aware of your devotion.
You visited 2 branches of the dungeon, and saw 12 of its levels.
You also visited: Sewer and Ossuary.

You collected 525 gold pieces.
You spent 91 gold pieces at shops.

Inventory:

Hand Weapons
 a - a +0 shortbow
 r - a +1 orcbow
 u - the +4 hand crossbow "Datir" (weapon) {freeze, rPois Int-4 Dex+5 Stlth+}
   (You acquired it on level 6 of the Dungeon)

   Int:       It affects your intelligence (-4).
   Dex:       It affects your dexterity (+5).
   rPois:     It protects you from poison.
   Stlth:     It makes you more stealthy.
 w - a +0 shortbow of draining
Missiles
 L - 5 throwing nets
Armour
 i - a +1 kite shield (worn)
 o - a +2 animal skin
 q - a +0 pair of boots (worn)
 P - +0 acid dragon scales (worn)
Jewellery
 l - a +6 ring of dexterity (left hand)
 y - a ring of protection from fire (right hand)
 C - a ring of fire
 I - a +6 ring of strength
 Q - an amulet of regeneration
 T - a ring of poison resistance
 U - a ring of positive energy
Wands
 p - a wand of digging (1)
 v - a wand of paralysis (14)
 x - a wand of flame (12)
 F - a wand of mindburst (11)
 O - a wand of polymorph (10)
 S - a wand of iceblast (6)
Scrolls
 b - a scroll of butterflies
 j - a scroll of poison
 m - a scroll of torment {unknown}
 s - 2 scrolls of fog
 A - 2 scrolls of enchant armour
 B - 2 scrolls of identify
 H - 3 scrolls of teleportation {unknown}
 J - a scroll of enchant weapon
 K - a scroll of amnesia
 N - a scroll of brand weapon {unknown}
 R - a scroll of fear {unknown}
Potions
 c - 2 potions of magic
 d - 5 potions of mutation
 e - 2 potions of degeneration
 f - 3 potions of haste
 g - a potion of cancellation
 h - a potion of enlightenment
 k - 6 potions of curing
 n - 4 potions of brilliance
 t - 2 potions of berserk rage {unknown}
 z - a potion of attraction {unknown}
 D - 3 potions of might {unknown}
 E - a potion of invisibility {unknown}
 G - 4 potions of lignification {unknown}
 M - a potion of resistance {unknown}


   Skills:
 - Level 2.1 Fighting
 - Level 18.0 Ranged Weapons
 + Level 5.2 Armour
 - Level 1.9 Dodging
 - Level 1.2 Stealth
 - Level 9.0 Shields


You had 11 spell levels left.
You didn't know any spells.
Your spell library contained the following spells:

 Spells                   Type           Power      Damage    Failure   Level
 Ignite Poison            Fire/Tmut/Pois 0%         N/A       99%         3
 Ozocubu's Armour         Ice            0%         N/A       99%         3
 Sticky Flame             Conj/Fire      0%         2d3       100%        4
 Blade Hands              Tmut           0%         N/A       100%        5
 Irradiate                Conj/Tmut      0%         3d11      100%        5
 Dragon Form              Tmut           0%         N/A       100%        7
 Ozocubu's Refrigeration  Ice            0%         4d7       100%        7
 Ignition                 Fire           0%         3d3       100%        8


Dungeon Overview and Level Annotations

Branches:
Dungeon (11/15)            Temple (1/1) D:7            Lair (0/5) D:8
    Orc (0/2) D:9           Sewer (visited)         Ossuary (visited)

Altars:
Ashenzari
Cheibriados
Dithmenos
Elyvilon
Fedhas
Gozag
Hepliaklqana
Kikubaaqudgha
Makhleb
Nemelex Xobeh
Okawaru
Qazlal
Ru
Sif Muna
Trog
Uskayaw
Vehumet
Wu Jian
Xom
Yredelemnul
Zin
The Shining One

Shops:
D:4 (

Annotations:
D:2 1 runed translucent door, Crazy Yiuf


Innate Abilities, Weirdness & Mutations

You cannot be hasted, slowed, berserked, paralysed or teleported.
You can dig through walls and to a lower floor.
You have a pair of large antennae on your head. (SInv)
Your four strong arms can wield two-handed weapons with a shield.


Message History

Fire: u) +4 hand crossbow "Datir" {freeze, rPois Int-4 Dex+5 Stlth+}
Press: ? - help, Shift-Dir - straight line, f - killer bee, p - freezing wraith
Aim: a killer bee (haloed, 71% to hit)
You shoot a bolt. The bolt barely misses the killer bee.
The killer bee misses you. The killer bee stings you!
* * * LOW HITPOINT WARNING * * *
You block the freezing wraith's attack. The freezing wraith hits you.
* * * LOW HITPOINT WARNING * * *
You block the killer bee's attack.
Fire: u) +4 hand crossbow "Datir" {freeze, rPois Int-4 Dex+5 Stlth+}
Press: ? - help, Shift-Dir - straight line, f/p - killer bee
Aim: a killer bee (haloed, 71% to hit)
You shoot a bolt.
The bolt completely misses the killer bee.
The killer bee stings you but does no damage.
The freezing wraith closely misses you. The freezing wraith hits you.
* * * LOW HITPOINT WARNING * * *
The freezing wraith drains your vigour!
Your stasis prevents you from being slowed.
The killer bee closely misses you.
Fire: u) +4 hand crossbow "Datir" {freeze, rPois Int-4 Dex+5 Stlth+}
Press: ? - help, Shift-Dir - straight line, f - freezing wraith, p - killer bee
Aim: a freezing wraith (severely damaged, haloed, 87% to hit)
You shoot a bolt. The bolt hits the freezing wraith!!
You destroy the freezing wraith!
The Shining One accepts your kill. The killer bee stings you.
* * * LOW HITPOINT WARNING * * *
You block the killer bee's attack. x2
Your Armour skill increases to level 5!
Fire: u) +4 hand crossbow "Datir" {freeze, rPois Int-4 Dex+5 Stlth+}
Press: ? - help, Shift-Dir - straight line, f - killer bee
Aim: a killer bee (haloed, 71% to hit)
You shoot a bolt. The bolt hits the killer bee!!!
The bolt freezes the killer bee.
You kill the killer bee!
The killer bee stings you!
* * * LOW HITPOINT WARNING * * *
The killer bee stings you.
You die...

#.###Y# ..#. ...#
...#§..#... §§§§# #.§§§....#
§§§§# ##.§§#...#.#y§§§##
{#...#§§.###§§§§§§#
#..☼§###§§§☼§§§# #
##..#)#☼§§§§§§☼#
#...#....#yy☼☼☼§§§§### .
........#.#@§☼§§§☼§..# #...
.#.#...#.##☼§☼§§§☼§..# #...
.#...#.#.#§§§§§§☼☼..# #...
.....###.#§§§§§§§☼§..####...
##.## #.#.§§☼§§§§§☼.........
.. .#.§§§§§§§#####....... #
#..§§§§§§§# #.......
...§§§§§§☼§# #.......
...........# #.......


You could see 3 killer bees.

Vanquished Creatures
  Gastronok (D:8)
  Harold (D:9)
  2 two-headed ogres
  Erica (D:8)
  Pikel (D:8)
  A deep elf zephyrmancer (D:8)
  A cyclops (D:11)
  Maurice (D:9)
  Joseph (D:7)
  2 kobold demonologists (D:10)
  A freezing wraith (D:11)
  An unseen horror zombie (D:8)
  A komodo dragon (D:11)
  A rime drake (D:8)
  A troll (D:10)
  Prince Ribbit (D:7)
  A hornet (D:9)
  A shadow (D:10)
  A vampire (D:9)
  11 yaks
  2 humans (D:9)
  2 steam dragons (D:8)
  Grum (D:8)
  2 wraiths
  Edmund (D:5)
  An acid dragon (D:9)
  3 water moccasins
  2 orc warriors
  4 hornet zombies (D:8)
  2 sky beasts (D:7)
  An ice beast (D:8)
  9 centaurs
  An ogre (D:4)
  7 wolves (D:8)
  4 lemures (D:8)
  A phantom (D:5)
  4 kobold brigands
  2 bullfrogs
  A scorpion (D:4)
  2 wyvern zombies (D:8)
  4 gnoll sergeants
  3 wights (D:8)
  20 killer bees
  3 howler monkeys
  2 centaur zombies (D:8)
  3 hounds
  9 orc priests
  7 jellies
  A gnoll bouda (D:8)
  A sleepcap (D:8)
  Jessica (D:2)
  9 orc wizards
  2 iguanas
  4 mummies
  Robin (D:3)
  22 gnolls
  10 adders
  A shadow imp (D:7)
  4 adder zombies (Ossuary)
  2 worms
  A dart slug (D:2)
  34 orcs
  8 ball pythons
  4 bats
  9 endoplasms
  10 giant cockroaches
  A gnoll zombie (Ossuary)
  12 hobgoblins
  5 quokkas
  9 frilled lizards
  15 goblins
  3 goblin zombies (Ossuary)
  A hobgoblin zombie (Ossuary)
  30 kobolds
  6 kobold zombies
  3 quokka zombies (Ossuary)
  8 rats
  2 rat zombies (Ossuary)
354 creatures vanquished.

Notes
Turn   | Place    | Note
-------+----------+-------------------------------------------
     0 | D:1      | Maxmaps the Formicid Hunter began the quest for the Orb.
     0 | D:1      | Reached XP level 1. HP: 16/16 MP: 1/1
   118 | D:1      | Reached XP level 2. HP: 22/22 MP: 2/2
   496 | D:1      | Reached XP level 3. HP: 23/27 MP: 3/3
   903 | D:2      | Noticed Jessica
   905 | D:2      | Reached skill level 5 in Ranged Weapons
   907 | D:2      | Killed Jessica
   908 | D:2      | Reached XP level 4. HP: 33/33 MP: 4/4
  1101 | D:2      | Found a radiant altar of Vehumet.
  1172 | D:2      | Found a runed translucent door.
  1173 | D:2      | Noticed Crazy Yiuf
  2032 | D:3      | Reached XP level 5. HP: 38/38 MP: 5/5
  2065 | D:3      | Reached skill level 6 in Ranged Weapons
  2106 | D:3      | Noticed Robin
  2121 | D:3      | Killed Robin
  2122 | D:3      | Reached skill level 1 in Shields
  2187 | D:3      | Found a hazy altar of Hepliaklqana.
  2565 | D:3      | Found a burning altar of Makhleb.
  2644 | D:3      | Found a broken altar of Ashenzari.
  2725 | D:4      | Noticed an ogre
  2728 | D:4      | Killed an ogre
  2729 | D:4      | Reached skill level 5 in Shields
  2729 | D:4      | Reached XP level 6. HP: 44/44 MP: 6/6
  3029 | D:4      | Found Ihoat's Antique Weapon Boutique.
  3041 | D:4      | Bought an orcbow for 91 gold pieces
  3694 | D:4      | Reached XP level 7. HP: 27/50 MP: 7/7
  3939 | D:5      | Entered Level 5 of the Dungeon
  3986 | D:5      | Noticed Edmund
  3996 | D:5      | Killed Edmund
  4265 | D:5      | Found a sand-covered staircase.
  4274 | Ossuary  | Entered an ossuary
  4284 | Ossuary  | Reached XP level 8. HP: 50/56 MP: 8/8
  5006 | D:5      | Reached skill level 7 in Ranged Weapons
  5917 | D:6      | Identified a scroll of acquirement
  5917 | D:6      | Acquired the +4 hand crossbow "Datir" {freeze, rPois Int-4
                  | Dex+5 Stlth+}
  5946 | D:6      | Reached skill level 8 in Ranged Weapons
  6004 | D:6      | Found a glowing drain.
  6020 | Sewer    | Entered a sewer
  6093 | Sewer    | Reached XP level 9. HP: 61/61 MP: 9/9
  6124 | Sewer    | Reached skill level 9 in Ranged Weapons
  6125 | Sewer    | Found a viscous altar of Jiyva.
  6426 | D:6      | Found a shimmering blue altar of Sif Muna.
  6565 | D:7      | Found a staircase to the Ecumenical Temple.
  6571 | D:7      | Noticed Joseph
  6578 | D:7      | Killed Joseph
  6579 | D:7      | Reached skill level 10 in Ranged Weapons
  6582 | Temple   | Entered the Ecumenical Temple
  6997 | D:7      | Reached skill level 11 in Ranged Weapons
  7492 | D:7      | Noticed Prince Ribbit
  7502 | D:7      | Killed Prince Ribbit
  7503 | D:7      | Reached XP level 10. HP: 55/67 MP: 10/10
  7550 | D:7      | Reached skill level 12 in Ranged Weapons
  7920 | D:8      | Noticed a rime drake
  7922 | D:8      | Killed a rime drake
  7944 | D:8      | Reached skill level 13 in Ranged Weapons
  7956 | D:8      | HP: 1/64 [wight/+1 dagger of venom (3)]
  8251 | D:8      | Found a staircase to the Lair.
  8268 | D:8      | Noticed Grum
  8273 | D:8      | Killed Grum
  8475 | D:8      | Found a stormy altar of Qazlal.
  8509 | D:8      | Noticed Erica
  8512 | D:8      | Killed Erica
  8513 | D:8      | Reached skill level 14 in Ranged Weapons
  8601 | D:8      | Reached XP level 11. HP: 72/72 MP: 11/11
  8634 | D:8      | Reached skill level 15 in Ranged Weapons
  8735 | D:8      | Noticed Gastronok
  8745 | D:8      | Killed Gastronok
  8958 | D:8      | Noticed a deep elf zephyrmancer
  8959 | D:8      | Killed a deep elf zephyrmancer
  9102 | D:8      | Reached skill level 16 in Ranged Weapons
  9104 | D:8      | Noticed Pikel
  9107 | D:8      | Killed Pikel
  9139 | D:8      | Found a basalt altar of Yredelemnul.
  9342 | D:9      | Found an iron altar of Okawaru.
  9442 | D:9      | Found a staircase to the Orcish Mines.
  9562 | D:9      | Noticed Harold
  9562 | D:9      | Noticed Maurice
  9572 | D:9      | Killed Harold
  9573 | D:9      | Killed Maurice
  9574 | D:9      | Reached skill level 17 in Ranged Weapons
  9574 | D:9      | Reached XP level 12. HP: 78/78 MP: 12/12
  9702 | D:9      | Found a glowing golden altar of the Shining One.
  9829 | D:9      | Became a worshipper of the Shining One
 10054 | D:10     | Entered Level 10 of the Dungeon
 10297 | D:10     | Found a bloodstained altar of Trog.
 10503 | D:10     | Found an ancient bone altar of Kikubaaqudgha.
 10668 | D:11     | Noticed a two-headed ogre
 10692 | D:10     | Killed a two-headed ogre
 10892 | D:11     | Noticed a two-headed ogre
 10897 | D:11     | Killed a two-headed ogre
 10898 | D:11     | Reached skill level 18 in Ranged Weapons
 10949 | D:11     | Reached skill level 1 in Armour
 11083 | D:11     | Reached * piety under the Shining One
 11109 | D:11     | Reached skill level 5 in Armour
 11109 | D:11     | HP: 1/78 [killer bee (8)]
 11109 | D:11     | Slain by a killer bee

Illustrated notes

Levels and vault maps discovered:
D:1:      onia_arrival_pentagram, layout_basic, minivault_25
D:2:      layout_basic, basic_altar, minmay_hexomino_p4,
          uniq_crazy_yiuf_cottage, uniq_jessica
D:3:      layout_loops_ring, mainiacjoe_overflow_boulevard, marbit_many_paths,
          lemuel_crystal_altar, uniq_robin
D:4:      layout_loops_corners, serial_shops,
          nicolae_shop_temple_entry_statues_fountains,
          chequers_serial_rivers_micro_a, minivault_23,
          kennysheep_generic_room_3
D:5:      layout_basic, nicolae_ossuary_entry_giza,
          chequers_serial_rivers_room_b, uniq_edmund
D:6:      layout_loops_corners, led_sif_pool, gup_sewer_entry_glass
D:7:      layout_gridville, minmay_temple_entry_hall, uniq_prince_ribbit1,
          uniq_joseph
D:8:      layout_loops_ring, nicolae_yredelemnul_corpse_copse,
          grunt_qazlal_clouds, hellmonk_lair_entry_icy, chequers_arboretum,
          minmay_misc_feat_rows, guppyfry_early_elven_hall, uniq_pikel,
          uniq_erica, uniq_gastronok, uniq_grum
D:9:      layout_irregular_city, kennysheep_little_box, okawaru_humans,
          uniq_harold, uniq_maurice
D:10:     layout_roguey, mainiacjoe_overflow_paths,
          mainiacjoe_overflow_six_doors_small
D:11:     hangedman_what_comes_after_a, layout_irregular_city
Temple:   minmay_temple_bridge_abc

Skill      XL: |  1  2  3  4  5  6  7  8  9 10 11 12 |
---------------+-------------------------------------+-----
Ranged Weapons | 5 6 8 11 14 17 18 | 18.0
Shields        | 5 6 8 9 |  9.0
Armour         | 5 |  5.2
Fighting       | |  2.1
Dodging        | |  1.9
Stealth        | |  1.2

Action                     |  1- 3 |  4- 6 |  7- 9 | 10-12 || total
---------------------------+-------+-------+-------+-------++-------
   Fire: Shortbow          |    75 |   162 |       |       ||   237
         Orcbow            |       |    12 |   153 |       ||   165
         Hand crossbow     |       |       |   123 |   355 ||   478
Ability: Dig               |       |       |     1 |     1 ||     2
    Use: Scroll            |       |       |    19 |     1 ||    20
         Potion            |       |       |     2 |     7 ||     9
 Armour: Leather armour    |     4 |     5 |       |       ||     9
         Animal skin       |       |     4 |    16 |     7 ||    27
         Acid dragon scale |       |       |       |    21 ||    21
  Dodge: Dodged            |    18 |    35 |    54 |    80 ||   187
  Block: Kite shield       |       |    36 |   106 |   184 ||   326

Table legend: (Time is in decaauts)
 A = Elapsed time spent in this place.
 B = Non-inter-level travel time spent in this place.
 C = Inter-level travel time spent in this place.
 D = Time resting spent in this place.
 E = Time spent auto-exploring this place.
 F = Levels seen in this place.
 G = Mean time per level.
                   A        B        C        D        E       F      G
               +--------+--------+--------+--------+--------+-----+--------+
         Total |  11389 |  10897 |    492 |    781 |   8223 |  14 |  813.5 |
       Dungeon |  10730 |  10270 |    460 |    781 |   7793 |  11 |  975.5 |
        Temple |    242 |    210 |     32 |      0 |    206 |   1 |  242.0 |
         Sewer |    217 |    217 |      0 |      0 |    123 |   1 |  217.0 |
       Ossuary |    198 |    198 |      0 |      0 |    101 |   1 |  198.0 |
               +--------+--------+--------+--------+--------+-----+--------+

Top non-repeatable levels by time:
     D:5: 1425 daAuts
     D:8: 1392 daAuts
     D:4: 1265 daAuts
     D:7: 1159 daAuts
     D:2: 953 daAuts
     D:1: 915 daAuts
     D:3: 867 daAuts
     D:6: 856 daAuts
     D:9: 815 daAuts
    D:10: 782 daAuts
    D:11: 298 daAuts
  Temple: 242 daAuts
   Sewer: 217 daAuts
 Ossuary: 198 daAuts
